 Dungeon Crawl Stone Soup version 0.27.1-33-g824d729ab1 (webtiles) character file.

Game seed: 8597572731022962020

5931 bpung the Fighter (level 10, -12/59 HPs)
             Began as a Gargoyle Fighter on Dec 1, 2021.
             Was an Initiate of Qazlal.
             Mangled by a death yak (19 damage)
             ... on level 7 of the Dungeon.
             The game lasted 00:13:56 (8046 turns).

bpung the Fighter (Gargoyle Fighter)                Turns: 8046, Time: 00:13:57

Health: -12/59     AC: 26    Str: 22    XL:     10   Next: 83%
Magic:  13/13      EV:  8    Int: 10    God:    Qazlal [......]
Gold:   349        SH: 11    Dex:  9    Spells: 9/9 levels left

rFire    . . .     SeeInvis .   a - +3 flail
rCold    . . .     Faith    .   c - +0 kite shield
rNeg     + . .     Spirit   .   b - +0 scale mail
rPois    ∞         Reflect  .   o - +0 helmet
rElec    +         Harm     .   v - +2 cloak
rCorr    .         Rampage  .   H - +1 pair of gloves
Will     .....                  (no boots)
Stlth    ..........             x - amulet of regeneration
HPRegen  1.19/turn              n - +4 ring of protection
MPRegen  0.13/turn              (no ring)

@: no status effects
A: sickness immunity, AC +7, negative energy resistance 1, electricity
resistance, torment resistance 1, petrification resistance, frail 1, mutation
resistance 1
a: Renounce Religion


You were on level 7 of the Dungeon.
You worshipped Qazlal.
Qazlal was noncommittal.
You visited 1 branch of the dungeon, and saw 8 of its levels.

You collected 349 gold pieces.

Inventory:

Hand Weapons
 a - a +3 flail (weapon)
 B - a +1 whip of flaming
 I - a +2 whip of flaming
Missiles
 l - 4 curare-tipped darts (quivered)
 s - 35 poisoned darts
Armour
 b - a +0 scale mail (worn)
 c - a +0 kite shield (worn)
 o - a +0 helmet (worn)
 v - a +2 cloak (worn)
 H - a +1 pair of gloves (worn)
Jewellery
 f - a ring of wizardry
 i - an amulet of magic regeneration
 m - an amulet of guardian spirit
 n - a +4 ring of protection (left hand)
 u - a ring of fire
 w - a ring of flight
 x - an amulet of regeneration (around neck)
 A - an amulet of faith
 E - an amulet of the acrobat
Wands
 g - a wand of paralysis (2)
 p - a wand of iceblast (13)
 t - a wand of charming (4)
 y - a wand of acid (6)
Scrolls
 h - a scroll of blinking
 j - 5 scrolls of identify
 q - a scroll of teleportation
 r - a scroll of magic mapping
 C - a scroll of enchant armour {unknown}
 F - a scroll of brand weapon {unknown}
 G - a scroll of silence {unknown}
Potions
 d - 3 potions of might
 e - 5 potions of curing
 k - 2 potions of flight
 z - a potion of heal wounds
 D - a potion of resistance


   Skills:
 + Level 9.1 Fighting
 + Level 7.9 Maces & Flails
 + Level 9.1 Armour
 + Level 9.1 Shields
 + Level 4.3 Invocations


You had 9 spell levels left.
You didn't know any spells.
Your spell library contained the following spells:

 Spells                   Type           Power      Damage    Failure   Level
 Static Discharge         Conj/Air       0%         N/A       95%         2
 Tukima's Dance           Hex            0%         N/A       99%         3
 Passage of Golubria      Tloc           N/A        N/A       100%        4
 Lightning Bolt           Conj/Air       0%         1d11      100%        5
 Yara's Violent Unravell  Hex/Tmut       0%         3d3       100%        5
 Maxwell's Capacitive Co  Air            0%         ∞         100%        8


Dungeon Overview and Level Annotations

Branches:
Dungeon (8/15)             Temple (0/1) D:4            Lair (0/6) D:8

Altars:
Fedhas
Qazlal
Sif Muna
Uskayaw
Wu Jian
Xom

Shops:
D:1 ?   D:5 :   D:6 *   D:7 **


Innate Abilities, Weirdness & Mutations

You are immune to sickness and miasma.
Your stone body is resilient. (AC +7)
You are immune to poison.
You resist negative energy. (rN+)
You are resistant to electric shocks. (rElec)
You are resistant to unholy torment.
You are immune to petrification.
You are frail. (-10% HP)
You are somewhat resistant to further mutation.


Message History

You barely miss the death yak.
The death yak is lightly wounded.
The death yak gores you but does no damage.
You barely miss the death yak.
The death yak is lightly wounded.
You block the death yak's attack.
You barely miss the death yak.
The death yak is lightly wounded.
The death yak gores you but does no damage.
You thump the death yak!
The death yak is lightly wounded.
The death yak gores you. The death yak gores you!
You hit the death yak but do no damage.
The death yak is lightly wounded.
The death yak gores you but does no damage.
You sock the death yak!
The death yak is moderately wounded.
You block the death yak's attack.
You hit the death yak.
The death yak is moderately wounded.
The death yak gores you!
* * * LOW HITPOINT WARNING * * *
You sock the death yak!
The death yak is moderately wounded.
The death yak barely misses you.
You hit the death yak.
The death yak is heavily wounded.
The death yak barely misses you.
You sock the death yak!
The death yak is heavily wounded.
The death yak gores you.
* * * LOW HITPOINT WARNING * * *
You hit the death yak.
The death yak is heavily wounded.
The death yak gores you!
* * * LOW HITPOINT WARNING * * *
You hit the death yak.
The death yak is severely wounded.
The death yak gores you!!
You die...

####### #......
######## #......
#......# #......
#......#########......
#.....................
#......#...#####......
#....@................
#....Y.#...########.##
########...# #.##
#...# #.## #...# #.##
#...# #... #...#
######... #...#
#....#... #...#
#.##.#...


You could see a death yak.

Vanquished Creatures
  4 death yaks
  Pikel (D:5)
  Sigmund (D:4)
  3 yaks (D:6)
  3 water moccasins
  2 sky beasts
  A black bear (D:5)
  A necrophage (D:6)
  An ogre (D:6)
  2 centaurs
  3 phantoms (D:6)
  4 bullfrogs
  3 scorpions
  3 howler monkeys (D:7)
  An electric eel (D:7)
  A centaur zombie (D:4)
  A gnoll shaman (D:8)
  3 hounds
  A jelly (D:5)
  A centaur skeleton (D:7)
  2 orc priests (D:4)
  Crazy Yiuf (D:5)
  Jessica (D:3)
  3 iguanas
  Ijyb (D:4)
  5 orc wizards
  A howler monkey zombie (D:6)
  4 adders
  4 gnolls (D:8)
  3 river rats (D:3)
  2 shadow imps
  2 adder skeletons (D:4)
  A worm (D:3)
  4 dart slugs
  20 orcs
  3 bats
  5 endoplasms
  2 giant cockroaches (D:3)
  4 goblins
  4 hobgoblins
  7 jackals
  3 quokkas
  7 ball pythons
  3 frilled lizards
  4 kobolds
  6 rats
142 creatures vanquished.

Vanquished Creatures (others)
  An orc (D:4)
  5 plants (D:7)
6 creatures vanquished.

Grand Total: 148 creatures vanquished

Notes
Turn   | Place    | Note
-------+----------+-------------------------------------------
     0 | D:1      | bpung the Gargoyle Fighter began the quest for the Orb.
     0 | D:1      | Reached XP level 1. HP: 14/14 MP: 1/1
   286 | D:1      | Reached XP level 2. HP: 17/19 MP: 2/2
   317 | D:1      | Found Boxi's Magic Scroll Emporium.
   812 | D:1      | Found a faded altar of an unknown god.
  1580 | D:2      | Reached XP level 3. HP: 19/24 MP: 3/3
  2304 | D:3      | Noticed a bullfrog
  2317 | D:3      | Killed a bullfrog
  2318 | D:3      | Reached XP level 4. HP: 7/29 MP: 2/4
  2570 | D:3      | Gained mutation: You are frail. (-10% HP) [potion of
                  | mutation]
  2570 | D:3      | Gained mutation: You are somewhat resistant to further
                  | mutation. [potion of mutation]
  2715 | D:3      | Reached XP level 5. HP: 21/29 MP: 3/5
  2946 | D:3      | Noticed Jessica
  2952 | D:3      | Killed Jessica
  3553 | D:4      | Reached XP level 6. HP: 29/35 MP: 6/6
  3651 | D:4      | Found a staircase to the Ecumenical Temple.
  4022 | D:4      | Noticed Sigmund
  4045 | D:4      | Killed Sigmund
  4046 | D:4      | Reached skill level 5 in Fighting
  4046 | D:4      | Reached skill level 5 in Armour
  4046 | D:4      | Reached skill level 5 in Shields
  4241 | D:4      | Found an ornate altar of the Wu Jian Council.
  4288 | D:4      | Reached XP level 7. HP: 36/39 MP: 5/7
  4425 | D:4      | Found a hide-covered altar of Uskayaw.
  4442 | D:4      | Noticed Ijyb
  4460 | D:4      | Killed Ijyb
  5121 | D:5      | Entered Level 5 of the Dungeon
  5199 | D:5      | Found Zaukk's Book Shop.
  5289 | D:5      | Noticed Pikel
  5306 | D:5      | Killed Pikel
  5307 | D:5      | Reached skill level 5 in Maces & Flails
  5307 | D:5      | Reached XP level 8. HP: 21/45 MP: 8/8
  5453 | D:5      | Found a runed translucent door.
  5454 | D:5      | Noticed Crazy Yiuf
  5639 | D:5      | Found a shimmering altar of Xom.
  5640 | D:5      | Found a shimmering altar of Xom.
  5650 | D:5      | Found a shimmering altar of Xom.
  5651 | D:5      | Found a shimmering altar of Xom.
  5652 | D:5      | Found a shimmering altar of Xom.
  5654 | D:5      | Found a shimmering altar of Xom.
  5984 | D:5      | Killed Crazy Yiuf
  6094 | D:6      | Noticed a yak
  6096 | D:6      | Noticed a yak
  6096 | D:6      | Noticed a yak
  6122 | D:6      | Killed a yak
  6135 | D:6      | Killed a yak
  6136 | D:6      | Reached XP level 9. HP: 28/51 MP: 9/9
  6287 | D:6      | Found Ofaris's Overcharged Wands.
  6652 | D:6      | Found a shimmering blue altar of Sif Muna.
  6806 | D:6      | Found a blossoming altar of Fedhas.
  6953 | D:7      | Found a stormy altar of Qazlal.
  6961 | D:7      | Became a worshipper of Qazlal Stormbringer
  7007 | D:7      | Found Ocyar's General Store.
  7008 | D:7      | Found Mygez's Specific Store.
  7041 | D:7      | Reached skill level 1 in Invocations
  7141 | D:7      | Found a flagged portal.
  7515 | D:7      | Reached XP level 10. HP: 57/57 MP: 11/11
  7761 | D:8      | Noticed a death yak
  7762 | D:8      | Found a staircase to the Lair.
  7762 | D:8      | Noticed a death yak
  7763 | D:8      | Noticed a death yak
  7763 | D:8      | Noticed a death yak
  7763 | D:8      | Noticed a death yak
  7772 | D:8      | Noticed a death yak
  7818 | D:7      | Killed a death yak
  7870 | D:7      | Killed a death yak
  7887 | D:7      | HP: 2/58 [death yak (5)]
  7932 | D:6      | Killed a death yak
  7968 | D:7      | Killed a death yak
  8046 | D:7      | Mangled by a death yak

Illustrated notes

Levels and vault maps discovered:
D:1:      dpeg_arrival_round_b, layout_basic, serial_shops,
          nicolae_diamond_shop, hellmonk_ecumenical_altar_pennies_from_heaven
D:2:      layout_basic
D:3:      layout_basic, gup_sewer_entry_bowl, minmay_quantized, uniq_jessica
D:4:      layout_basic, eat_drink_and_be_merry_uskayaw,
          nicolae_wu_jian_wuxing_cycle, minmay_temple_entry_glass,
          minmay_starry_boxes, uniq_ijyb, uniq_sigmund
D:5:      layout_cave_pods, xom_redecorated, serial_shops, nicolae_shop_trees,
          uniq_crazy_yiuf_cottage, uniq_pikel
D:6:      layout_basic, mainiacjoe_overflow_alcove_4, fedhas_altar_fruit_tree,
          grunt_ministairs_9, nicolae_shop_overcharged_wands
D:7:      layout_basic, grunt_qazlal_clouds, enter_bailey_6, chequers_big_river,
          nicolae_specific_store
D:8:      kennysheep_kobold_camp, layout_cave_pools, dpeg_lair_monsters,
          gammafunk_ghost_nasty_kobolds

Skill      XL: |  1  2  3  4  5  6  7  8  9 10 |
---------------+-------------------------------+-----
Fighting       | 4 5 6 7 8 9 |  9.1
Armour         | 4 5 6 7 8 9 |  9.1
Shields        | 4 5 6 7 8 9 |  9.1
Maces & Flails | 3 5 6 7 |  7.9
Invocations    | 2 4 |  4.3

Action                   |  1- 3 |  4- 6 |  7- 9 | 10-12 || total
-------------------------+-------+-------+-------+-------++-------
Melee: Flail             |   128 |   124 |   375 |   156 ||   783
  Use: Potion            |       |     7 |     3 |     2 ||    12
       Scroll            |       |       |     7 |       ||     7
Armor: Scale mail        |    74 |    73 |   300 |    94 ||   541
Dodge: Dodged            |    38 |    31 |   144 |    51 ||   264
Block: Kite shield       |    71 |    58 |   224 |   101 ||   454
